 Dungeon Crawl Stone Soup version 0.22-b1-21-g5cfc168 (webtiles) character file.

276 tyranidshit the Skirmisher (level 6, -6/51 HPs)
             Began as a Demonspawn Abyssal Knight on Aug 3, 2018.
             Was a Priest of Lugonu.
             Mangled by Grinder (7 damage)
             ... while paralysed by Grinder
             ... on level 4 of the Dungeon.
             The game lasted 00:07:57 (2543 turns).

tyranidshit the Skirmisher (DsAK)                   Turns: 2543, Time: 00:07:58

Health: -6/51      AC: 10    Str: 14    XL:     6   Next: 4%
Magic:  7/7        EV:  2    Int: 13    God:    Lugonu [***...]
Gold:   141        SH:  0    Dex: 13    Spells: 5/5 levels left

rFire    . . .     SeeInvis .   a - +1 hand axe
rCold    . . .     Gourm    .   (no shield)
rNeg     . . .     Faith    .   o - +0 chain mail
rPois    .         Spirit   .   (no helmet)
rElec    .         Reflect  .   (no cloak)
rCorr    .         Harm     +   e - +0 pair of gloves
MR       .....                  (no boots)
Stlth    ..........             h - amulet of harm
HPRegen  0.17/turn              (no ring)
MPRegen  0.10/turn              (no ring)

@: paralysed, lethally poisoned (-6 -> -9)
A: foul stench 1, rot immunity
a: Depart the Abyss, Bend Space, Banish, Renounce Religion


You were on level 4 of the Dungeon.
You worshipped Lugonu.
Lugonu was most pleased with you.
You were hungry.

You visited 1 branch of the dungeon, and saw 4 of its levels.
You visited the Abyss 1 time.

You collected 141 gold pieces.

Inventory:

Hand Weapons
 a - a +1 hand axe (weapon)
Armour
 e - a +0 pair of gloves (worn)
 o - a +0 chain mail (worn)
Jewellery
 f - an uncursed amulet of guardian spirit
 h - an amulet of harm (around neck)
Wands
 b - a wand of random effects (25)
 k - a wand of iceblast (7)
Scrolls
 g - 4 scrolls of teleportation
 j - 3 scrolls of identify
Potions
 d - a potion of flight
 m - a potion of curing
Comestibles
 n - a ration


   Skills:
 - Level 5.3 Fighting
 - Level 1.7 Axes
 + Level 4.2 Armour
 - Level 0.8 Dodging
 - Level 2.4 Invocations


You had 5 spell levels left.
You didn't know any spells.
Your spell library was empty.

Dungeon Overview and Level Annotations

Branches:
Dungeon (4/15)
 Temple: D:4-7

Altars:
Ashenzari

Annotations:
D:4 Grinder


Innate Abilities, Weirdness & Mutations

You may emit foul miasma when damaged in melee.
You are immune to rotting.


Message History

You hit Grinder. Grinder hits you.
* * * LOW HITPOINT WARNING * * *
You writhe in agony.
* * * LOW HITPOINT WARNING * * *
The worker ant bites you but does no damage.
You hit the worker ant.
The worker ant is severely wounded.
You hit Grinder.
Grinder grins, showing sharp teeth.
Grinder gestures at you.
You suddenly lose the ability to move!
The worker ant bites you but does no damage.
The worker ant bites you.
* * * LOW HITPOINT WARNING * * *
Grinder hits you but does no damage. The worker ant bites you.
* * * LOW HITPOINT WARNING * * *
You are lethally poisoned!
The worker ant poisons you!
The worker ant looks sick.
Grinder hits you.
You die...

####### #.....# #.....#
#.....#
##############[....#####
......5@aZh..'.....'..h.
##....########.....####.
#... ####### #† ....
.......a ### ...
######## ..# .. #.# .
#.# .#.#


You could see Grinder, a howler monkey, a worker ant and a leopard gecko
skeleton.

Vanquished Creatures
  A hound (D:4)
  Ijyb (D:4)
  Natasha (D:4)
  A worker ant (D:4)
  7 adders
  An ooze (D:2)
  A worm (D:3)
  4 dart slugs
  4 leopard geckos
  An orc (D:3)
  9 bats
  5 giant cockroaches
  9 hobgoblins
  10 jackals
  2 quokkas
  A ball python (D:2)
  4 frilled lizards
  13 goblins
  7 kobolds
  9 rats
91 creatures vanquished.

Notes
Turn   | Place    | Note
-------+----------+-------------------------------------------
     0 | Abyss:1  | tyranidshit the Demonspawn Abyssal Knight began the quest for the Orb.
     0 | Abyss:1  | Reached XP level 1. HP: 18/18 MP: 2/2
    35 | Abyss:1  | Noticed a hellwing
    36 | D:1      | Escaped the Abyss
   114 | D:1      | Gained mutation: You are immune to rotting. [demonic ancestry]
   114 | D:1      | Reached XP level 2. HP: 20/24 MP: 3/3
   118 | D:1      | Reached * piety under Lugonu
   299 | D:1      | Reached skill level 4 in Fighting
   366 | D:1      | Reached XP level 3. HP: 11/30 MP: 0/4
  1157 | D:2      | Reached ** piety under Lugonu
  1303 | D:2      | Reached XP level 4. HP: 38/38 MP: 5/5
  1322 | D:2      | Reached skill level 5 in Fighting
  2247 | D:3      | Reached *** piety under Lugonu
  2247 | D:3      | Reached XP level 5. HP: 39/44 MP: 6/6
  2414 | D:4      | Noticed Natasha
  2418 | D:4      | Killed Natasha
  2447 | D:4      | Found a shattered altar of Ashenzari.
  2457 | D:4      | Noticed Ijyb
  2477 | D:4      | Killed Ijyb
  2509 | D:4      | Gained mutation: You may emit foul miasma when damaged in melee. [demonic ancestry]
  2509 | D:4      | Reached XP level 6. HP: 23/51 MP: 7/7
  2510 | D:4      | Noticed Grinder
  2541 | D:4      | Paralysed by Grinder for 6 turns
  2543 | D:4      | HP: 1/51 [worker ant (6)]
  2543 | D:4      | Mangled by Grinder

Skill      XL: |  1  2  3  4  5 |
---------------+----------------+-----
Fighting       | 4 5 |  5.3
Armour         | 2 4 |  4.2
Axes           | |  1.7
Dodging        | |  0.8
Invocations    | |  2.4

Action                   |  1- 3 |  4- 6 || total
-------------------------+-------+-------++-------
Melee: Hand axe          |   163 |   178 ||   341
Invok: Depart the Abyss  |     1 |       ||     1
Evoke: Wand              |       |     5 ||     5
  Use: Potion            |     2 |     3 ||     5
       Scroll            |     3 |     1 ||     4
 Stab: Sleeping          |     1 |       ||     1
       Invisible         |       |     1 ||     1
  Eat: Ration            |     1 |       ||     1
       Chunk             |       |     2 ||     2
Armor: Leather armour    |    25 |       ||    25
       Ring mail         |    23 |    59 ||    82
       Chain mail        |       |    50 ||    50
Dodge: Dodged            |   114 |   108 ||   222
